 Dungeon Crawl Stone Soup version 0.24-a0-183-g8902462 (console) character file.

Game seed: 11419702266130294251

165 Duffy the Stinger (level 5, -2/36 HPs)
             Began as an Octopode Transmuter on Mar 15, 2019.
             Slain by an orc
             ... wielding a +0 club
              (3 damage)
             ... on level 3 of the Dungeon.
             The game lasted 00:02:00 (2283 turns).

Duffy the Stinger (Octopode Transmuter)             Turns: 2283, Time: 00:02:01

Health: -2/36      AC:  1    Str:  9    XL:     5   Next: 46%
Magic:  9/9        EV: 15    Int: 16    God:
Gold:   88         SH:  0    Dex: 13    Spells: 4/10 levels left

rFire    . . .     SeeInvis .     - Unarmed
rCold    . . .     Gourm    .   (no shield)
rNeg     . . .     Faith    .   (helmet restricted)
rPois    .         Spirit   .   (no amulet)
rElec    .         Reflect  .   j - +2 ring of evasion
rCorr    .         Harm     .   (no ring)
MR       .....                  (no ring)
Stlth    ++........             (no ring)
HPRegen  0.12/turn              (no ring)
MPRegen  0.11/turn              (no ring)
                                (no ring)
                                (no ring)

@: no status effects
A: almost no armour, stealthy swim, amphibious, 8 rings, constrict 8, camouflage
1, gelatinous body 1
a: no special abilities


You were on level 3 of the Dungeon.
You were not hungry.

You visited 1 branch of the dungeon, and saw 3 of its levels.

You collected 88 gold pieces.

Inventory:

Missiles
 a - 12 arrows
Jewellery
 j - a +2 ring of evasion (left tentacle)
Wands
 k - a wand of polymorph (7)
 n - a wand of digging (3)
Scrolls
 b - a scroll of amnesia {unknown}
 d - 3 scrolls of magic mapping {unknown}
 e - 2 scrolls of teleportation {unknown}
 f - 2 scrolls of remove curse {unknown}
 g - a scroll of identify {unknown}
 i - a scroll of noise {unknown}
 l - a scroll of blinking {unknown}
Potions
 h - 2 potions of brilliance {unknown}
 m - a potion of ambrosia {unknown}
Comestibles
 c - 5 rations


   Skills:
 - Level 3.0 Fighting
 - Level 2.0 Dodging
 - Level 3.0 Unarmed Combat
 - Level 3.1 Spellcasting
 + Level 2.0 Transmutations
 + Level 3.4 Poison Magic


You had 4 spell levels left.
You knew the following spells:

 Your Spells              Type           Power        Failure   Level  Hunger
h - Spider Form           Tmut/Pois      ##........   19%         3    ###....
j - Sticks to Snakes      Tmut           #.......     12%         2    ##.....
k - Beastly Appendage     Tmut           #.....       9%          1    None

Your spell library contained the following spells:

 Spells                   Type           Power        Failure   Level  Hunger
 Ice Form                 Ice/Tmut       #.......     77%         4    ####...
 Blade Hands              Tmut           #.........   92%         5    ######.


Dungeon Overview and Level Annotations

Branches:
Dungeon (3/15)

Altars:
Cheibriados
Hepliaklqana
Nemelex Xobeh

Annotations:
D:3 Sigmund


Innate Abilities, Weirdness & Mutations

You cannot wear most types of armour.
You are very stealthy in the water. (Stealth+)
You are amphibious.
You can wear up to eight rings at the same time.
You can use your tentacles to constrict eight enemies at once.
Your skin changes colour to match your surroundings (Stealth+).
Your rubbery body absorbs attacks. (AC +1, EV +1)


Message History

The orc barely misses you. The orc closely misses you.
You tentacle-slap the orc.
You kill the orc!
Sigmund hits you from afar with a +0 scythe!
You are too injured to fight recklessly!
You are too injured to fight recklessly!
You are too injured to fight recklessly!
You are too injured to fight recklessly!
The orc misses you.
An adder comes into view.
You barely miss Sigmund.
The adder hisses angrily.
You grab Sigmund. You constrict Sigmund. Sigmund casts a spell at you.
The puff of flame hits you! The orc hits you with a +0 club.
You tentacle-slap Sigmund. You squeeze Sigmund.
Sigmund is moderately wounded.
You constrict Sigmund. Sigmund barely misses you.
The orc hits you with a +0 club.
You die...

#........... #
#....$......
#.###...........
...............
..........S..
#........... #
#...o.......
#...##..<@@......
.._....).......##
#...##.#.#+#####
## #.#.# #.### ..
##


You could see Sigmund, an adder and an orc.

Vanquished Creatures
  A hound (D:2)
  An orc priest (D:2)
  Jessica (D:2)
  Terence (D:2)
  2 adders (D:2)
  A dart slug (D:1)
  2 leopard geckos
  An orc (D:3)
  5 bats
  2 giant cockroaches
  2 goblins (D:1)
  3 hobgoblins
  A quokka (D:2)
  A ball python (D:2)
  A frilled lizard (D:1)
  3 kobolds
  7 rats
35 creatures vanquished.

Notes
Turn   | Place    | Note
-------+----------+-------------------------------------------
     0 | D:1      | Duffy the Octopode Transmuter began the quest for the Orb.
     0 | D:1      | Reached XP level 1. HP: 13/13 MP: 3/3
   216 | D:1      | Reached XP level 2. HP: 18/19 MP: 5/5
   225 | D:1      | Learned a level 2 spell: Sticks to Snakes
   875 | D:2      | Reached XP level 3. HP: 25/26 MP: 6/6
   880 | D:2      | Learned a level 3 spell: Spider Form
   911 | D:2      | Noticed Jessica
   937 | D:2      | Killed Jessica
  1074 | D:2      | Reached skill level 1 in Poison Magic
  1074 | D:2      | Reached XP level 4. HP: 29/31 MP: 8/8
  1141 | D:2      | Found a sparkling altar of Nemelex Xobeh.
  1141 | D:2      | Noticed Terence
  1162 | D:2      | Killed Terence
  1916 | D:2      | Found a hazy altar of Hepliaklqana.
  2012 | D:3      | Found a snail-covered altar of Cheibriados.
  2026 | D:2      | Reached XP level 5. HP: 16/36 MP: 6/9
  2275 | D:3      | Noticed Sigmund
  2282 | D:3      | HP: 1/36 [orc/+0 club (2)]
  2283 | D:3      | Slain by an orc

Levels and vault maps discovered:
D:1:      minmay_arrival_floating_metal, layout_loops_ring
D:2:      layout_loops_ring, nemelex_xobeh_ov_fountains_minmay,
          lemuel_round_altar, hangedman_decor_push, uniq_jessica, uniq_terence
D:3:      layout_basic, lemuel_doored_altar, nicolae_overflow_crystal_walls,
          uniq_sigmund

Skill      XL: |  1  2  3  4  5 |
---------------+----------------+-----
Fighting       | 2 3 |  3.0
Poison Magic   | 1 2 3 |  3.4
Spellcasting   | 3 |  3.1
Dodging        | |  2.0
Unarmed Combat | |  3.0
Transmutations | |  2.0

Action                   |  1- 3 |  4- 6 || total
-------------------------+-------+-------++-------
Melee: Unarmed           |    57 |    64 ||   121
       Constrict         |    14 |    10 ||    24
       Tentacles         |     7 |     8 ||    15
 Cast: Spider Form       |       |     1 ||     1
 Stab: Sleeping          |     7 |     1 ||     8
  Eat: Chunk             |       |     4 ||     4
Armor: Skin              |     5 |     5 ||    10
Dodge: Dodged            |    26 |    53 ||    79

Table legend:
 A = Non-vault XP
 B = Vault XP
 C = Vault XP percentage of total XP
 D = Non-vault monster count
 E = Vault monster count
 F = Vault count percentage of total count
                 A         B        C        D         E       F
            +---------+---------+-------+---------+---------+-------
      Total |     163 |      73 |  30.9 |      33 |       2 |   5.7
            +---------+---------+-------+---------+---------+-------
        D:1 |      29 |       0 |   0.0 |      17 |       0 |   0.0
        D:2 |     131 |      73 |  35.8 |      15 |       2 |  11.8
        D:3 |       3 |       0 |   0.0 |       1 |       0 |   0.0
            +---------+---------+-------+---------+---------+-------
